 Dungeon Crawl Stone Soup version 0.28.0-53-g5a82cb258f (webtiles) character file.

Game seed: 2275400342580054068

3605 Zeld the Cleaver (level 9, -1/129 HPs)
             Began as a Minotaur Berserker on May 29, 2022.
             Was a Priest of Trog.
             Slain by a boulder beetle (24 damage)
             ... on level 8 of the Dungeon.
             The game lasted 00:06:00 (9030 turns).

Zeld the Cleaver (Minotaur Berserker)               Turns: 9030, Time: 00:06:00

Health: -1/129     AC: 15    Str: 26    XL:     9   Next: 86%
Magic:  8/8        EV:  4    Int:  4    God:    Trog [***...]
Gold:   342        SH:  9    Dex: 10    Spells: 8/8 levels left

rFire   . . .      SeeInvis .   a - +2 hand axe (elec)
rCold   . . .      Faith    .   y - +0 tower shield
rNeg    . . .      Spirit   .   b - +0 plate armour
rPois   .          Reflect  .   (helmet restricted)
rElec   .          Harm     .   d - +0 cloak
rCorr   .          Rampage  .   n - +0 pair of gloves
Will    .....                   (no boots)
Stlth   ..........              (no amulet)
HPRegen 0.31/turn               (no ring)
MPRegen 0.11/turn               (no ring)

@: berserking, very quick
A: horns 2, retaliatory headbutt
a: Renounce Religion, Berserk, Trog's Hand


You were on level 8 of the Dungeon.
You worshipped Trog.
Trog was most pleased with you.
You visited 2 branches of the dungeon, and saw 9 of its levels.

You collected 342 gold pieces.

Inventory:

Hand Weapons
 a - a +2 hand axe of electrocution (weapon)
 j - a +0 war axe
Missiles
 x - 4 javelins (quivered)
Armour
 b - a +0 plate armour (worn)
 d - a +0 cloak (worn)
 n - a +0 pair of gloves (worn)
 y - a +0 tower shield (worn)
Jewellery
 w - a +6 ring of strength
Wands
 e - a wand of iceblast (6)
 s - a wand of mindburst (9)
Scrolls
 k - 2 scrolls of enchant armour
 m - a scroll of fear
 p - a scroll of enchant weapon
 q - 4 scrolls of teleportation
 r - 2 scrolls of magic mapping {unknown}
 u - a scroll of blinking {unknown}
Potions
 c - 8 potions of curing {unknown}
 f - 3 potions of haste
 g - 2 potions of brilliance {unknown}
 h - a potion of might {unknown}
 i - 4 potions of heal wounds {unknown}
 l - a potion of attraction {unknown}
 o - 3 potions of lignification {unknown}
 t - a potion of flight {unknown}
 v - a potion of ambrosia {unknown}
 z - a potion of mutation {unknown}


   Skills:
 * Level 10.4 Fighting
 * Level 10.6 Axes
 + Level 7.2 Armour
 + Level 6.5 Dodging


You had 8 spell levels left.
You didn't know any spells.
Your spell library was empty.

Dungeon Overview and Level Annotations

Branches:
Dungeon (8/15)             Temple (1/1) D:5
   Lair: D:8-11

Altars:
Ashenzari
Cheibriados
Dithmenos
Elyvilon
Fedhas
Hepliaklqana
Kikubaaqudgha
Makhleb
Nemelex Xobeh
Okawaru
Qazlal
Ru
Sif Muna
Trog
Vehumet
Wu Jian
Yredelemnul
Zin
The Shining One

Shops:
D:7 (


Innate Abilities, Weirdness & Mutations

You have a pair of horns on your head.
You reflexively headbutt those who attack you in melee.


Message History

The boulder beetle curls into a ball and begins rolling!
You see here a +0 animal skin.
Things that are here:
a +0 glaive; an orc skeleton You open the door.
The boulder beetle hits you but does no damage.
The boulder beetle stops rolling and uncurls.
There is an open door here.
The boulder beetle curls into a ball and begins rolling!
You close the door.
The boulder beetle hits you!!
The boulder beetle stops rolling and uncurls.
The boulder beetle curls into a ball and begins rolling!
The boulder beetle hits you!
The boulder beetle stops rolling and uncurls.
There is an open door here.
There is a stone staircase leading up here.
You hit the boulder beetle but do no damage.
You headbutt the boulder beetle!
The boulder beetle is lightly wounded.
The boulder beetle bites you.
A red film seems to cover your vision as you go berserk!
You feel yourself moving faster!
You feel mighty! The boulder beetle bites you!
You are too injured to fight recklessly!
You are too injured to fight recklessly!
You are too injured to fight recklessly!
You are too injured to fight recklessly!
You slash the boulder beetle!
Your headbutt misses the boulder beetle.
The boulder beetle is moderately wounded.
The boulder beetle bites you!!
You are too injured to fight recklessly!
You hit the boulder beetle but do no damage.
The boulder beetle is moderately wounded.
The boulder beetle bites you!!
* * * LOW HITPOINT WARNING * * *
You slash the boulder beetle!
The boulder beetle is moderately wounded.
The boulder beetle bites you!!
You die...

#.#......+.....≈.......≈
#.'.####+#....§≈≈≈≈§§≈.≈
#.#.#.............)§....
#.#.#.........#...#○.#..
#.#.#.........#...#.)#..
#.#.#.........#...+..#..
#.#.#.........#...#B)#..
#.#.#.........#...#[.#..
#)#.#..@......#...#..#..
#.#..B......#...#..#..
#.####'######...#..#
#...............#..#
#........[......#..#
#################..#
.○°°...°°B○...#
..............#
..............#


You could see a boulder beetle.

Vanquished Creatures
  Harold (D:7)
  2 hornets
  Prince Ribbit (D:7)
  A water moccasin (D:5)
  A black bear (D:5)
  A sky beast (D:7)
  An ice beast (D:5)
  2 orc warriors
  A necrophage (D:5)
  3 ogres
  2 centaurs
  A phantom (D:6)
  A kobold brigand (D:7)
  2 bullfrogs (D:8)
  A scorpion (D:6)
  2 water moccasin skeletons
  2 howler monkeys (D:6)
  2 centaur zombies
  3 hounds
  3 jellies
  3 orc priests (D:6)
  A centaur skeleton (D:7)
  Jessica (D:3)
  5 iguanas
  Ijyb (D:5)
  2 orc wizards
  A howler monkey zombie (D:8)
  7 adders
  A white imp (D:7)
  A worm (D:3)
  A dart slug (D:3)
  13 orcs
  8 ball pythons
  2 bats
  3 endoplasms
  4 giant cockroaches
  9 hobgoblins
  7 jackals (D:2)
  4 quokkas
  3 training dummies (D:7)
  3 frilled lizards
  19 goblins
  14 kobolds
  5 rats
151 creatures vanquished.

Vanquished Creatures (others)
  A bush (D:5)
  16 plants (D:7)
17 creatures vanquished.

Grand Total: 168 creatures vanquished

Notes
Turn   | Place    | Note
-------+----------+-------------------------------------------
     0 | D:1      | Zeld the Minotaur Berserker began the quest for the Orb.
     0 | D:1      | Reached XP level 1. HP: 19/19 MP: 0/0
   432 | D:1      | Found a faded altar of an unknown god.
   465 | D:1      | Reached XP level 2. HP: 27/27 MP: 1/1
  1090 | D:2      | Reached XP level 3. HP: 33/33 MP: 2/2
  1102 | D:2      | Reached ** piety under Trog
  1709 | D:2      | Reached XP level 4. HP: 41/41 MP: 3/3
  1992 | D:3      | Noticed Jessica
  1997 | D:3      | Killed Jessica
  1998 | D:3      | Reached skill level 5 in Fighting
  1998 | D:3      | Reached skill level 5 in Axes
  1998 | D:3      | Reached XP level 5. HP: 42/48 MP: 4/4
  2418 | D:3      | Reached *** piety under Trog
  2626 | D:4      | Noticed an ogre
  2636 | D:3      | Killed an ogre
  2637 | D:3      | Reached XP level 6. HP: 38/56 MP: 5/5
  3078 | D:4      | Found an ancient bone altar of Kikubaaqudgha.
  3522 | D:5      | Entered Level 5 of the Dungeon
  3526 | D:5      | Found a staircase to the Ecumenical Temple.
  3567 | Temple   | Entered the Ecumenical Temple
  3820 | D:5      | Reached XP level 7. HP: 57/64 MP: 6/6
  4320 | D:5      | Found a sacrificial altar of Ru.
  4435 | D:5      | Noticed Ijyb
  4446 | D:5      | Killed Ijyb
  4454 | D:5      | Reached skill level 5 in Armour
  4454 | D:5      | Reached XP level 8. HP: 20/73 MP: 7/7
  4756 | D:5      | Found a shadowy altar of Dithmenos.
  4817 | D:5      | Found an ornate altar of the Wu Jian Council.
  4920 | D:5      | Found a snail-covered altar of Cheibriados.
  5512 | D:6      | Reached skill level 5 in Dodging
  5682 | D:6      | Noticed an angel
  5683 | D:6      | Found a glowing silver altar of Zin.
  6033 | D:6      | Found a white marble altar of Elyvilon.
  7015 | D:7      | Noticed a hornet
  7024 | D:7      | Killed a hornet
  7025 | D:7      | Reached XP level 9. HP: 56/83 MP: 8/8
  7585 | D:7      | Noticed Harold
  7591 | D:7      | Killed Harold
  7596 | D:7      | Reached skill level 10 in Axes
  7750 | D:7      | Found Pyofosir's Firing Range.
  7866 | D:7      | Found a shimmering blue altar of Sif Muna.
  7892 | D:7      | Noticed Prince Ribbit
  7901 | D:7      | Killed Prince Ribbit
  7902 | D:7      | Reached skill level 10 in Fighting
  8349 | D:8      | Found a basalt altar of Yredelemnul.
  8995 | D:8      | Noticed a boulder beetle
  9030 | D:8      | Slain by a boulder beetle

Illustrated notes

Levels and vault maps discovered:
D:1:      minmay_arrival_pointy, layout_basic,
          hellmonk_ecumenical_altar_blasted, minmay_misc_feat_x,
          corexii_leaking_fountain, bh_walls_and_bars
D:2:      layout_basic, minmay_goblin_outpost
D:3:      layout_loops_ring, uniq_jessica
D:4:      layout_layer_cave, general_overflow_altar, st_stairs_6,
          corexii_corridor_pit
D:5:      layout_loops_ring, nicolae_overflow_crystal_walls,
          mainiacjoe_overflow_paths, lemuel_tele_altar,
          grunt_dithmenos_smoke_and_mirrors, minmay_temple_entry_steel_oval,
          kb_lookout_dungeons_type, uniq_ijyb
D:6:      layout_layer_cave, nicolae_elyvilon_peaceful_grove, zin_angel,
          minivault_27, minmay_statues_item
D:7:      layout_basic, mainiacjoe_overflow_chevrons, nicolae_shop_firing_range,
          uniq_prince_ribbit1, uniq_harold
D:8:      lemuel_slime, layout_basic, mainiacjoe_overflow_concentric_impassable,
          ebering_ghost_xom
Temple:   jpeg_temple_alley_garden

Skill      XL: |  1  2  3  4  5  6  7  8  9 |
---------------+----------------------------+-----
Axes           | 4 5 6 7 9 10 | 10.6
Fighting       | 4 5 6 7 9 10 | 10.4
Armour         | 3 4 5 6 7 |  7.2
Dodging        | 3 4 5 6 |  6.5

Action                   |  1- 3 |  4- 6 |  7- 9 || total
-------------------------+-------+-------+-------++-------
Melee: Hand axe          |    75 |    91 |   162 ||   328
       Headbutt          |     9 |    13 |    36 ||    58
       Dagger            |     9 |       |       ||     9
       Punch             |       |       |     2 ||     2
Throw: Javelin           |       |       |     1 ||     1
Invok: Berserk           |       |     1 |     4 ||     5
  Use: Scroll            |       |       |     8 ||     8
 Stab: Sleeping          |       |     2 |       ||     2
Armor: Animal skin       |    28 |    22 |    34 ||    84
       Plate armour      |       |       |     2 ||     2
Dodge: Dodged            |    60 |    57 |    75 ||   192
Block: Tower shield      |       |       |     7 ||     7
